 Dungeon Crawl Stone Soup version 0.20-a0-915-gb278767 (webtiles) character file.

55 Rrauwl the Grasshopper (level 3, -1/29 HPs)
             Began as a Barachi Warper on Mar 25, 2017.
             Slain by Robin
             ... wielding a +0 mace
              (4 damage)
             ... on level 2 of the Dungeon.
             The game lasted 00:05:34 (1044 turns).

Rrauwl the Grasshopper (Barachi Warper)             Turns: 1044, Time: 00:05:34

Health: -1/29      AC:  3    Str: 12    XL:     3   Next: 93%
Magic:  7/7        EV: 12    Int: 14    God:
Gold:   52         SH:  0    Dex: 11    Spells: 5/7 levels left

rFire    + . .     SeeInvis .   a - +0 falchion
rCold    . . .     Gourm    .   (no shield)
rNeg     . . .     Faith    .   b - +0 leather armour
rPois    .         Spirit   .   (no helmet)
rElec    .         Reflect  .   (no cloak)
rCorr    .         Harm     .   (no gloves)
MR       .....                  (no boots)
Stlth    +.........             (no amulet)
Regen    0.1/turn               o - ring of protection from fire
MPRegen  0.1/turn               (no ring)

@: slow
A: +LOS, swims, slowness 1, strong legs 1
a: Hop


You were on level 2 of the Dungeon.
You were not hungry.

You visited 1 branch of the dungeon, and saw 2 of its levels.

You collected 52 gold pieces.

Inventory:

Hand Weapons
 a - a +0 falchion (weapon)
Missiles
 e - 4 tomahawks of dispersal (quivered)
Armour
 b - a +0 leather armour (worn)
Jewellery
 o - a ring of protection from fire (left hand)
Scrolls
 d - 2 scrolls of blinking
 g - a scroll of enchant armour {unknown}
 i - 3 scrolls of teleportation {unknown}
 m - 2 scrolls of remove curse {unknown}
 n - a scroll of fear {unknown}
 p - a scroll of magic mapping {unknown}
Potions
 j - a potion of curing {unknown}
 k - a potion of flight {unknown}
Books
 c - a book of Spatial Translocations

   Spells                             Type                      Level
   a - Blink                          Translocation                2
   b - Shroud of Golubria             Charms/Translocation         2
   c - Lesser Beckoning               Translocation                3
   d - Gell's Gravitas                Translocation                3
   e - Teleport Other                 Translocation                3
   f - Passage of Golubria            Translocation                4
Comestibles
 f - 2 bread rations
 h - 7 fruits
 l - 7 chunks of flesh


   Skills:
 + Level 3.0 Fighting
 + Level 3.2 Long Blades
 - Level 1.0 Throwing
 + Level 2.6 Armour
 + Level 2.1 Dodging
 + Level 2.8 Spellcasting
 + Level 3.2 Translocations


You had 5 spell levels left.
You knew the following spells:

 Your Spells              Type           Power        Failure   Level  Hunger
a - Blink                 Tloc           N/A          12%         2    ##.....


Dungeon Overview and Level Annotations

Branches:
Dungeon (2/15)

Altars:

Annotations:
D:2 Robin


Innate Abilities, Weirdness & Mutations

Shadows flee at your approach. (+LOS)
You can swim through water.
You cover ground slowly.
You can hop short distances.


Message History

You hit Robin but do no damage.
Robin is heavily wounded.
Robin closely misses you.
You hit Robin.
Robin is severely wounded.
Robin closely misses you.
You riposte.
You barely miss Robin.
Robin is severely wounded.
You hit Robin.
Robin is almost dead.
Robin hits you with a mace.
* * * LOW HITPOINT WARNING * * *
Okay, then.
You hit Robin but do no damage.
Robin is almost dead.
Robin barely misses you.
You riposte.
You hit Robin.
Robin is almost dead.
You barely miss Robin.
Robin is almost dead.
Robin hits you with a mace.
You die...

....#...#..
....#...#.#
...>...#.#
#......#
#......# ..
#...#
#.#..#...###
.........)..#
...##....g@<#
#.####### #.
#


You could see Robin.

Vanquished Creatures
  An ooze (D:1)
  3 dart slugs (D:1)
  A leopard gecko (D:1)
  4 bats (D:1)
  2 giant cockroaches (D:1)
  7 goblins
  5 hobgoblins
  4 jackals (D:1)
  5 kobolds (D:1)
  A ball python (D:1)
  5 rats (D:1)
38 creatures vanquished.

Notes
Turn   | Place    | Note
-------+----------+-------------------------------------------
     0 | D:1      | Rrauwl the Barachi Warper began the quest for the Orb.
     0 | D:1      | Reached XP level 1. HP: 17/17 MP: 3/3
    61 | D:1      | Reached XP level 2. HP: 13/23 MP: 5/5
    66 | D:1      | Learned a level 2 spell: Blink
   225 | D:1      | Reached XP level 3. HP: 8/28 MP: 6/6
   229 | D:1      | HP: 1/28 [kobold (2)]
   948 | D:2      | Noticed Robin
  1044 | D:2      | Slain by Robin

Vault maps used:
D:1:      onia_arrival_pentagram, minivault_11, minmay_three_crescents
D:2:      old_standard_altar, first_bread, uniq_robin

Skill      XL: |  1  2  3 |
---------------+----------+-----
Armour         | 2 |  2.6
Long Blades    | 3 |  3.2
Fighting       | 3 |  3.0
Throwing       | |  1.0
Dodging        | |  2.1
Spellcasting   | |  2.8
Translocations | |  3.2

Action                   || total
-------------------------++-------
Melee: Falchion          ||   125
Throw: Tomahawk          ||     1
  Eat: Chunk             ||     1
Armor: Leather armour    ||    26
Dodge: Dodged            ||   113
       Rpst.: Falchion   ||    38
